[Event "Titled Tuesday Blitz July 11 Late 2023"]
[White "Sebag, Marie"]
[Black "Sala, Giulia"]
[WhiteFideId "617822"]
[BlackFideId "2840451"]
[WhiteElo "2509"]
[BlackElo "2243"]
[Result "0-1"]
[Round "5"]
[TimeControl "180+2"]
[Date "2023.07.11"]
[WhiteClock "0:00:12"]
[BlackClock "0:00:40"]
[Board "108"]

1. d4 Nf6 2. c4 e6 3. Nc3 d5 4. cxd5 exd5 5. Bg5 Be7 6. e3 c5 7. Nf3 Nc6 8. Be2 h6 9. Bh4 O-O 10. O-O c4 11. b3 cxb3 12. Qxb3 Na5 13. Qc2 Be6 14. Ne5 Rc8 15. Rac1 Ne4 16. Bxe7 Qxe7 17. Qb2 Nd6 18. Qa3 b6 19. Nb5 Rxc1 20. Rxc1 Rd8 21. Rc7 Qf8 22. Nxa7 Ne4 23. Qxf8+ Kxf8 24. f3 Nd2 25. Rc2 Ndc4 26. Nxc4 dxc4 27. Nb5 Rd5 28. a4 Rd8 29. e4 Rc8 30. d5 Bd7 31. Nc3 Ke7 32. Rb2 Rb8 33. Kf2 Kd6 34. Ke3 Kc5 35. Nb5 Nb3 36. Rc2 Bxb5 37. axb5 Na5 38. Rb2 Nb3 39. Rc2 Na5 40. Rd2 Kxb5 41. d6 Kc6 42. e5 b5 43. f4 b4 44. Bf3+ Kd7 45. Bg4+ Kd8 46. f5 c3 47. Rd5 c2 48. Rc5 b3 49. e6 b2 50. f6 c1=Q+ 51. Kd4 Qd2+ 0-1


[Site "https://www.chess.com"]

[Event "Titled Tuesday Blitz July 11 Late 2023"]
[White "Trifan, Andrei Ioan"]
[Black "Schachpanda_Youtube"]
[WhiteFideId "12967068"]
[WhiteElo "2507"]
[BlackElo "2234"]
[Result "1-0"]
[Round "5"]
[TimeControl "180+2"]
[Date "2023.07.11"]
[WhiteClock "0:01:01"]
[BlackClock "0:00:00"]
[Board "109"]

1. Nf3 d5 2. b3 Nf6 3. Bb2 g6 4. e3 Bg7 5. Be2 O-O 6. d4 Bf5 7. O-O c6 8. c4 Nbd7 9. Nc3 a6 10. Rc1 b5 11. Ne5 Rc8 12. f4 Nxe5 13. fxe5 Ne4 14. Nxe4 Bxe4 15. Bd3 Bxd3 16. Qxd3 e6 17. Rf2 f5 18. Ba3 Rf7 19. Bd6 Bf8 20. c5 Bh6 21. b4 a5 22. a4 bxa4 23. Ra1 axb4 24. Rxa4 Rb7 25. Rb2 Qg5 26. Rb3 f4 27. Qa6 f3 28. Ra2 Rcb8 29. Qxc6 Qf5 30. Bxb8 Rxb8 31. Rf2 Bxe3 32. Rxe3 Qb1+ 33. Rf1 f2+ 34. Kxf2 Rf8+ 35. Rf3 Qc2+ 36. Kg3 Rxf3+ 37. Rxf3 1-0


[Site "https://www.chess.com"]

[Event "Titled Tuesday Blitz July 11 Late 2023"]
[White "Peycheva, Gergana"]
[Black "Milovic, Aleksandra"]
[WhiteFideId "2916711"]
[BlackFideId "933988"]
[WhiteElo "2507"]
[BlackElo "2057"]
[Result "1-0"]
[Round "5"]
[TimeControl "180+2"]
[Date "2023.07.11"]
[WhiteClock "0:00:13"]
[BlackClock "0:00:00"]
[Board "110"]

1. d4 d5 2. c4 e6 3. Nc3 Nf6 4. cxd5 exd5 5. Bg5 Be7 6. e3 O-O 7. Bd3 c6 8. Nge2 Re8 9. O-O Nbd7 10. f3 Nf8 11. Bh4 Ng6 12. Bf2 Bd6 13. Kh1 Bd7 14. Bg1 Qc8 15. e4 dxe4 16. fxe4 Bb4 17. e5 Nd5 18. Rc1 Be6 19. a3 Bxc3 20. bxc3 Bg4 21. Qd2 Qd7 22. c4 Nb6 23. Ng3 Be6 24. Ne4 Kh8 25. Nd6 Re7 26. Qg5 Nc8 27. c5 Nxd6 28. cxd6 Ree8 29. Be3 Bd5 30. Bf5 Be6 31. Be4 Bd5 32. Bxd5 cxd5 33. Rc7 Qb5 34. Rfxf7 Rac8 35. h3 Qb1+ 36. Kh2 Qd1 37. Rxg7 1-0


[Site "https://www.chess.com"]

[Event "Titled Tuesday Blitz July 11 Late 2023"]
[White "Upper, John"]
[Black "Forgacs, Attila Jr."]
[WhiteFideId "2606437"]
[BlackFideId "773654"]
[WhiteElo "2010"]
[BlackElo "2506"]
[Result "0-1"]
[Round "5"]
[TimeControl "180+2"]
[Date "2023.07.11"]
[WhiteClock "0:00:42"]
[BlackClock "0:00:24"]
[Board "111"]

1. Nf3 Nf6 2. c4 g6 3. Nc3 Bg7 4. e4 d6 5. d4 O-O 6. Be2 Nbd7 7. O-O e5 8. d5 Nc5 9. Qc2 a5 10. b3 Ne8 11. Bg5 f6 12. Be3 f5 13. Nd2 f4 14. Bxc5 dxc5 15. Qd1 h5 16. a3 Nd6 17. Nb5 Qe7 18. Re1 Ra6 19. Bxh5 gxh5 20. Qxh5 Nxb5 21. cxb5 Rh6 22. Qe2 Qh4 23. Nf1 f3 24. gxf3 Bh3 25. Ng3 Bd7 26. Nf1 Rf4 27. Rec1 Qg5+ 28. Kh1 Rfh4 29. Rxc5 Rxh2+ 30. Nxh2 Qh4 0-1


[Site "https://www.chess.com"]

[Event "Titled Tuesday Blitz July 11 Late 2023"]
[White "Urbina Perez, Juan Antonio"]
[Black "gordonzyxu"]
[WhiteFideId "2217368"]
[WhiteElo "2502"]
[BlackElo "1959"]
[Result "1-0"]
[Round "5"]
[TimeControl "180+2"]
[Date "2023.07.11"]
[WhiteClock "0:00:24"]
[BlackClock "0:00:04"]
[Board "112"]

1. e4 e5 2. Nf3 Nf6 3. Nxe5 d6 4. Nf3 Nxe4 5. c4 Nc6 6. Nc3 Nxc3 7. bxc3 Be6 8. d4 Bg4 9. Be2 Be7 10. O-O O-O 11. Re1 Bf6 12. h3 Bh5 13. Qc2 Re8 14. Bd2 d5 15. Qf5 Bxf3 16. Bxf3 dxc4 17. Qb5 Qd6 18. Qxb7 Ne7 19. Qxa8 Rxa8 20. Bxa8 c5 21. Rab1 cxd4 22. cxd4 h6 23. Bb4 Qd8 24. Be4 Qxd4 25. Bxe7 Bxe7 26. Rb8+ Bf8 27. Bb1 g6 28. Ree8 Qd1+ 29. Kh2 Qd6+ 30. g3 Qd2 31. Rxf8+ Kg7 32. Rg8+ Kf6 33. Kg2 c3 34. Rgc8 Qd5+ 35. Kh2 Qd2 36. Rc6+ Kg7 37. Be4 Qxf2+ 38. Bg2 c2 39. Rbc8 c1=Q 40. Rxc1 Qxa2 41. R1c2 Qe6 42. R8c7 Qb6 43. Bd5 Kf6 44. Rxf7+ Ke5 45. Bg2 a5 46. Re7+ Kd4 47. Re4+ Kd3 48. Rec4 Qf6 49. Be4+ Ke3 50. R2c3+ Kf2 51. Rf3+ 1-0


[Site "https://www.chess.com"]

[Event "Titled Tuesday Blitz July 11 Late 2023"]
[White "dodoucb"]
[Black "Navyblue1"]
[WhiteElo "2405"]
[BlackElo "1838"]
[Result "0-1"]
[Round "5"]
[TimeControl "180+2"]
[Date "2023.07.11"]
[WhiteClock "0:00:04"]
[BlackClock "0:00:12"]
[Board "113"]

1. e4 c5 2. Nc3 e6 3. g3 a6 4. Bg2 Nc6 5. d3 Nf6 6. f4 d6 7. Nf3 b5 8. O-O Bb7 9. Ne2 g6 10. f5 exf5 11. exf5 Bg7 12. Bf4 O-O 13. Qd2 Re8 14. Rae1 Qa5 15. Qxa5 Nxa5 16. Bxd6 Nd7 17. c3 gxf5 18. Nh4 Bxg2 19. Kxg2 Nb7 20. Nxf5 Re6 21. Nf4 Rxd6 22. Nxd6 Nxd6 23. Re7 Rd8 24. Nd5 Ne5 25. Ra7 Nxd3 26. Rxa6 Nxb2 27. Rc6 Na4 28. Rc7 Kh8 29. Rd1 Rf8 30. Rd7 Nc4 31. Rf1 Ne5 32. Rf5 Nxd7 0-1


[Site "https://www.chess.com"]

[Event "Titled Tuesday Blitz July 11 Late 2023"]
[White "Flynn, Jacob"]
[Black "Sadykov, Ramil"]
[WhiteFideId "2509393"]
[BlackFideId "24113590"]
[WhiteElo "2449"]
[BlackElo "2600"]
[Result "1-0"]
[Round "5"]
[TimeControl "180+2"]
[Date "2023.07.11"]
[WhiteClock "0:00:56"]
[BlackClock "0:00:02"]
[Board "114"]

1. d4 Nf6 2. c4 e6 3. Nc3 Bb4 4. Qc2 d5 5. cxd5 exd5 6. Bg5 h6 7. Bh4 c5 8. dxc5 Nc6 9. e3 O-O 10. Nf3 Bg4 11. Be2 Bxf3 12. Bxf3 d4 13. O-O-O g5 14. Bxc6 bxc6 15. Rxd4 Qa5 16. Bg3 Bxc3 17. Qxc3 Qxa2 18. Kc2 Qe6 19. Qc4 Qc8 20. e4 Re8 21. Rhd1 h5 22. f3 h4 23. Bd6 h3 24. g4 a5 25. R1d3 Ra7 26. Rb3 Rb7 27. Rxb7 Qxb7 28. Qb3 Qa6 29. Bg3 Qe2+ 30. Rd2 Qf1 31. Qd3 Kg7 32. Qxf1 1-0


[Site "https://www.chess.com"]

[Event "Titled Tuesday Blitz July 11 Late 2023"]
[White "Guzman Moneo, Alberto"]
[Black "Grinev, Valeriy"]
[WhiteFideId "2209616"]
[BlackFideId "14117517"]
[WhiteElo "2408"]
[BlackElo "2577"]
[Result "0-1"]
[Round "5"]
[TimeControl "180+2"]
[Date "2023.07.11"]
[WhiteClock "0:01:19"]
[BlackClock "0:02:09"]
[Board "115"]

1. e4 c5 2. Nc3 Nc6 3. Bb5 g6 4. Bxc6 bxc6 5. f4 Bg7 6. Nf3 d6 7. O-O Nf6 8. d3 O-O 9. Qe1 h5 10. Qh4 a5 11. f5 gxf5 12. Bg5 fxe4 13. dxe4 Bg4 14. h3 Be6 15. Bxf6 Bxf6 16. Qxh5 Kg7 17. Ng5 Rh8 18. Nxe6+ fxe6 19. Qg4+ Kf7 20. e5 dxe5 21. Ne4 Qd4+ 22. Kh1 Rag8 23. Ng5+ Ke8 24. Rxf6 Qxg4 0-1


[Site "https://www.chess.com"]

[Event "Titled Tuesday Blitz July 11 Late 2023"]
[White "Prydun, Andriy"]
[Black "Thorfinnsson, Bragi"]
[WhiteFideId "14145898"]
[BlackFideId "2300958"]
[WhiteElo "2383"]
[BlackElo "2528"]
[Result "0-1"]
[Round "5"]
[TimeControl "180+2"]
[Date "2023.07.11"]
[WhiteClock "0:00:00"]
[BlackClock "0:00:36"]
[Board "117"]

1. d4 d5 2. Nf3 Nf6 3. a3 Bf5 4. Bf4 e6 5. e3 Bd6 6. Ne5 O-O 7. Bd3 Nc6 8. Bxf5 exf5 9. Nxc6 bxc6 10. Bg5 h6 11. Bh4 g5 12. Bg3 f4 13. exf4 Re8+ 14. Kf1 Ne4 15. f3 Nxg3+ 16. hxg3 gxf4 17. g4 Re6 18. Nd2 Qe7 19. Kg1 Re2 20. Ne4 Rxe4 21. fxe4 dxe4 22. Qe1 Qg5 23. Qh4 c5 24. Qxg5+ hxg5 25. d5 Rb8 26. b3 c4 27. bxc4 Rb2 28. Rc1 Bxa3 29. Rh6 Bc5+ 30. Kh1 Be3 31. Ra1 Rxc2 32. Rc6 Bb6 33. c5 Rxc5 34. Rxc5 Bxc5 35. Rb1 Kg7 36. Rb5 Bb6 37. d6 cxd6 38. Rxg5+ Kf8 39. Rd5 e3 40. Rd1 Ba5 41. Rxd6 e2 0-1


[Site "https://www.chess.com"]

[Event "Titled Tuesday Blitz July 11 Late 2023"]
[White "Dragomirescu, Robin-Alexandru"]
[Black "K2JW"]
[WhiteFideId "1213849"]
[WhiteElo "2507"]
[BlackElo "2372"]
[Result "0-1"]
[Round "5"]
[TimeControl "180+2"]
[Date "2023.07.11"]
[WhiteClock "0:00:00"]
[BlackClock "0:00:12"]
[Board "118"]

1. b3 e5 2. Bb2 Nc6 3. e3 Nf6 4. Nf3 Bd6 5. d4 exd4 6. Nxd4 Nxd4 7. Qxd4 Qe7 8. Nc3 Be5 9. Qd3 d5 10. O-O-O c6 11. f3 O-O 12. g4 a5 13. g5 Nd7 14. h4 Nc5 15. Qd2 a4 16. f4 a3 17. Ba1 Ne4 18. Qe1 Bxc3 19. Bxc3 Re8 20. Be5 Bg4 21. Rd3 Nc5 22. Rg1 Nxd3+ 23. Bxd3 Qe6 24. Qg3 Bf5 25. h5 Bxd3 26. cxd3 c5 27. g6 fxg6 28. hxg6 h6 29. Qh4 c4 30. bxc4 dxc4 31. d4 c3 32. Rg2 Qd5 33. f5 Qxg2 0-1


[Site "https://www.chess.com"]

[Event "Titled Tuesday Blitz July 11 Late 2023"]
[White "Weisz, Bryan"]
[Black "Papayan, Oleg"]
[WhiteFideId "30934133"]
[BlackFideId "4193911"]
[WhiteElo "2338"]
[BlackElo "2501"]
[Result "0-1"]
[Round "5"]
[TimeControl "180+2"]
[Date "2023.07.11"]
[WhiteClock "0:00:00"]
[BlackClock "0:01:01"]
[Board "119"]

1. d4 d5 2. b3 Bf5 3. h4 Nf6 4. g3 e6 5. Bb2 Nbd7 6. Nd2 Bd6 7. Ngf3 Qe7 8. Bh3 Bxh3 9. Rxh3 e5 10. dxe5 Nxe5 11. Nxe5 Bxe5 12. Qc1 O-O-O 13. Nf3 Bxb2 14. Qxb2 Rhe8 15. e3 Qe4 16. Ng5 Qg2 17. O-O-O h6 18. Rhh1 hxg5 19. hxg5 Ne4 20. Qxg7 Nxf2 21. Rh7 Nxd1 22. Qxf7 Qxg3 23. Kxd1 Qg1+ 24. Kd2 Qxe3+ 0-1


[Site "https://www.chess.com"]

[Event "Titled Tuesday Blitz July 11 Late 2023"]
[White "Martinez Reyes, Pedro Ramon"]
[Black "Schuster, Karsten"]
[WhiteFideId "3901807"]
[BlackFideId "4611071"]
[WhiteElo "2499"]
[BlackElo "2337"]
[Result "1-0"]
[Round "5"]
[TimeControl "180+2"]
[Date "2023.07.11"]
[WhiteClock "0:01:48"]
[BlackClock "0:01:33"]
[Board "120"]

1. g4 h5 2. g5 g6 3. d4 Bg7 4. Nc3 d6 5. Bg2 e6 6. e4 Ne7 7. Be3 Nd7 8. Nge2 c5 9. Qd2 Rb8 10. O-O-O O-O 11. dxc5 dxc5 12. Bxc5 b5 13. Qd6 Re8 14. Qxb8 Nxb8 15. Rxd8 Rxd8 16. Bxe7 Re8 17. Bf6 b4 18. Bxg7 Kxg7 19. Nb5 Ba6 20. Nc7 Rc8 21. Nxa6 Nxa6 22. Rd1 Nc5 23. Rd4 a5 24. Nf4 e5 25. Bh3 Rc7 26. Nd5 Rb7 27. Rc4 Ne6 28. Bxe6 1-0


[Site "https://www.chess.com"]

[Event "Titled Tuesday Blitz July 11 Late 2023"]
[White "Fajdetic, Hrvoje"]
[Black "Rakitic2010"]
[WhiteFideId "14501945"]
[WhiteElo "2334"]
[BlackElo "2496"]
[Result "0-1"]
[Round "5"]
[TimeControl "180+2"]
[Date "2023.07.11"]
[WhiteClock "0:00:00"]
[BlackClock "0:01:27"]
[Board "121"]

1. d4 c5 2. d5 Nf6 3. Nc3 b5 4. Nxb5 Bb7 5. Nc3 e6 6. e4 exd5 7. exd5 g6 8. Bc4 d6 9. Nf3 Bg7 10. O-O O-O 11. Bf4 Nh5 12. Bg5 Qc8 13. Ne4 Qc7 14. g4 Qd7 15. gxh5 Qg4+ 16. Kh1 Qxe4 17. Qd3 Qxd3 18. cxd3 Nd7 19. Be7 Rfe8 20. Bxd6 Nb6 21. Kg2 Rad8 22. Bc7 Nxd5 23. Bxd8 Nf4+ 24. Kg3 Nxh5+ 25. Kh4 Rxd8 26. Nd2 Bc8 27. Kg5 Rd4 28. f4 Bf6+ 29. Kh6 Nxf4 30. Rxf4 Rxf4 0-1


[Site "https://www.chess.com"]

[Event "Titled Tuesday Blitz July 11 Late 2023"]
[White "AndresDelgado77"]
[Black "JERO-8914"]
[WhiteElo "2317"]
[BlackElo "2467"]
[Result "0-1"]
[Round "5"]
[TimeControl "180+2"]
[Date "2023.07.11"]
[WhiteClock "0:00:00"]
[BlackClock "0:00:48"]
[Board "122"]

1. Nc3 d5 2. e4 d4 3. Nce2 c5 4. Nf3 Nc6 5. Ng3 e5 6. Bb5 Qc7 7. Bxc6+ bxc6 8. d3 f6 9. O-O Bd6 10. b3 Ne7 11. a4 g5 12. Nd2 h5 13. Nxh5 Kf7 14. Nc4 Be6 15. Qf3 Ng8 16. Bxg5 Kg6 17. Nxf6 Kxg5 18. h4+ Kg6 19. Nxg8 Raxg8 20. g3 Rf8 21. Qe2 Kf7 22. f4 exf4 23. e5 Be7 24. Rxf4+ Ke8 25. Raf1 Rxf4 26. Rxf4 Rg8 27. Qh5+ Kd7 28. Kf2 Qc8 29. Nd6 Bxd6 30. exd6 Kxd6 31. Re4 Qf8+ 32. Ke1 Qf5 33. Qe2 Rxg3 0-1


[Site "https://www.chess.com"]

[Event "Titled Tuesday Blitz July 11 Late 2023"]
[White "Domingo Nunez, Ruben"]
[Black "kiwibobo"]
[WhiteFideId "22245570"]
[WhiteElo "2545"]
[BlackElo "2329"]
[Result "1-0"]
[Round "5"]
[TimeControl "180+2"]
[Date "2023.07.11"]
[WhiteClock "0:01:19"]
[BlackClock "0:01:12"]
[Board "123"]

1. Nf3 Nf6 2. b3 g6 3. Bb2 Bg7 4. g3 O-O 5. Bg2 d6 6. d4 c5 7. O-O Nbd7 8. c4 cxd4 9. Nxd4 a6 10. Nc3 e5 11. Nc2 Nc5 12. Qd2 Qe7 13. Rfd1 Rd8 14. Ne3 e4 15. Ncd5 Nxd5 16. Nxd5 Qf8 17. Bf6 Be6 18. Bxd8 Bxa1 19. Be7 Qg7 20. Nc7 Rc8 21. Qxd6 Be5 22. Qd8+ Rxd8 23. Rxd8+ Qf8 24. Rxf8+ Kg7 1-0


[Site "https://www.chess.com"]

[Event "Titled Tuesday Blitz July 11 Late 2023"]
[White "Dubreuil, Julien"]
[Black "Vlassov, Nikolai"]
[WhiteFideId "621285"]
[BlackFideId "4103360"]
[WhiteElo "2357"]
[BlackElo "2571"]
[Result "0-1"]
[Round "5"]
[TimeControl "180+2"]
[Date "2023.07.11"]
[WhiteClock "0:00:16"]
[BlackClock "0:01:15"]
[Board "124"]

1. e4 Nc6 2. Nc3 Nf6 3. Nf3 d5 4. e5 Ne4 5. Bd3 Nc5 6. Bb5 d4 7. Bxc6+ bxc6 8. Ne2 d3 9. Nf4 Bg4 10. O-O e6 11. cxd3 g5 12. b4 gxf4 13. bxc5 Qxd3 14. Qb3 Qxb3 15. axb3 Bxf3 16. gxf3 Bxc5 17. Bb2 Rg8+ 18. Kh1 O-O-O 19. Bc3 Rd3 20. Rg1 Rxg1+ 21. Rxg1 Rxf3 22. Rg8+ Kb7 23. b4 Bb6 24. Rg7 Rxf2 25. Rxf7 f3 26. d4 Rf1# 0-1


[Site "https://www.chess.com"]

[Event "Titled Tuesday Blitz July 11 Late 2023"]
[White "Volovich, Vasily"]
[Black "Bogaudinov, Rushan"]
[WhiteFideId "34169676"]
[BlackFideId "4129288"]
[WhiteElo "2544"]
[BlackElo "2356"]
[Result "0-1"]
[Round "5"]
[TimeControl "180+2"]
[Date "2023.07.11"]
[WhiteClock "0:00:00"]
[BlackClock "0:00:04"]
[Board "125"]

1. e4 c5 2. Nf3 d6 3. c3 Nf6 4. h3 e6 5. Bd3 Be7 6. O-O O-O 7. Bc2 Nc6 8. d4 cxd4 9. cxd4 Nb4 10. Nc3 Nxc2 11. Qxc2 Bd7 12. e5 Nd5 13. Nxd5 exd5 14. Qb3 Bc6 15. Bf4 Re8 16. Rfe1 dxe5 17. Nxe5 Bf6 18. Nxc6 bxc6 19. Be3 Qb6 20. Qc3 a5 21. Rac1 Re6 22. Red1 Rb8 23. b3 h6 24. Rc2 Ra8 25. a4 Rb8 26. Rd3 Be7 27. g3 Bb4 28. Qa1 Rbe8 29. Qd1 Qd8 30. Kg2 Qf6 31. Qf3 Qg6 32. Bd2 Bxd2 33. Rcxd2 Rb8 34. Rc3 Rb4 35. Rdc2 Rxd4 36. Rc5 Rd3 37. Qg4 Qxg4 38. hxg4 Rxb3 39. Rxc6 Rb4 40. Rc8+ Kh7 41. R2c7 Kg6 42. f4 Kf6 43. Rf8 Re7 44. Rc6+ Re6 45. Rc7 Re7 46. Rc5 Rd7 47. Re8 g6 48. Rc6+ Kg7 49. Rcc8 g5 50. Rg8+ Kf6 51. Rc6+ Ke7 52. f5 Rdb7 53. Rc5 Kd6 54. Rxa5 Rb2+ 55. Kh3 Rd7 56. Ra6+ Ke5 57. Re8+ Kd4 58. a5 Ra2 59. f6 Rc7 60. Re1 Rcc2 61. Rh1 Rc5 62. Ra7 Rcxa5 63. Rxf7 Ke5 64. Re1+ Kd6 65. Rf8 Ra8 66. Rf7 Rf2 67. Ree7 Raa2 0-1


[Site "https://www.chess.com"]

[Event "Titled Tuesday Blitz July 11 Late 2023"]
[White "Kirillov, Dmitry"]
[Black "cedchass2006"]
[WhiteFideId "34180572"]
[WhiteElo "2544"]
[BlackElo "2354"]
[Result "0-1"]
[Round "5"]
[TimeControl "180+2"]
[Date "2023.07.11"]
[WhiteClock "0:00:05"]
[BlackClock "0:01:43"]
[Board "126"]

1. d4 Nf6 2. c4 e6 3. Nf3 d5 4. Nc3 dxc4 5. e4 Bb4 6. Bxc4 Nxe4 7. O-O Nxc3 8. bxc3 Be7 9. Qe2 O-O 10. h4 c5 11. h5 cxd4 12. cxd4 Nc6 13. h6 Bf6 14. hxg7 Bxg7 15. Bg5 Nxd4 16. Nxd4 Qxg5 17. Nf3 Qg6 18. Rad1 b6 19. Bd3 Qg4 20. Be4 Ba6 21. Bxh7+ Kxh7 22. Qxa6 Rg8 23. Rd3 Bd4 24. Ne1 Rad8 25. Rh3+ Qxh3 26. Qd3+ Qxd3 27. Nxd3 Bc5 28. Nf4 0-1


[Site "https://www.chess.com"]

[Event "Titled Tuesday Blitz July 11 Late 2023"]
[White "Arencibia Monduy, Antonio"]
[Black "Alahakoon, Isuru"]
[WhiteFideId "3507939"]
[BlackFideId "9900993"]
[WhiteElo "2526"]
[BlackElo "2352"]
[Result "0-1"]
[Round "5"]
[TimeControl "180+2"]
[Date "2023.07.11"]
[WhiteClock "0:00:04"]
[BlackClock "0:00:31"]
[Board "127"]

1. e4 d5 2. exd5 Qxd5 3. Nc3 Qa5 4. Nf3 Nf6 5. Bc4 Bg4 6. h3 Bh5 7. d3 Nc6 8. Bd2 O-O-O 9. Ne4 Qa4 10. b3 Qa3 11. Ng3 Bxf3 12. Qxf3 Nd4 13. Qd1 e6 14. c3 Nc6 15. b4 Ne5 16. Qc2 Nxc4 17. dxc4 Qa6 18. b5 Qa3 19. O-O Qc5 20. Be3 Qxc4 21. Rab1 Bc5 22. Bxc5 Qxc5 23. a4 Nd5 24. c4 Nb4 25. Qb3 Nd3 26. a5 Rd4 27. Ne2 Rd6 28. Nc3 f5 29. Na4 Qe5 30. c5 Nxc5 31. Nxc5 Qxc5 32. Rfc1 Qd5 33. Qc3 Rd7 34. a6 b6 35. Rc2 Rhd8 36. Qg3 Kb8 37. Rbc1 e5 38. Qg5 g6 39. Rb2 Qd4 40. Rbc2 Qf4 41. Qf6 Rd1+ 0-1


[Site "https://www.chess.com"]

[Event "Titled Tuesday Blitz July 11 Late 2023"]
[White "Cluke86"]
[Black "Janaszak, Dawid"]
[BlackFideId "1119206"]
[WhiteElo "2346"]
[BlackElo "2525"]
[Result "1/2-1/2"]
[Round "5"]
[TimeControl "180+2"]
[Date "2023.07.11"]
[WhiteClock "0:02:23"]
[BlackClock "0:01:27"]
[Board "128"]

1. e4 e5 2. Nf3 Nc6 3. Bc4 Nf6 4. O-O Bc5 5. d4 exd4 6. e5 d5 7. exf6 dxc4 8. Re1+ Be6 9. Ng5 Qd5 10. Nc3 Qf5 11. Nce4 O-O-O 12. g4 Qe5 13. Nf3 Qd5 14. fxg7 Rhg8 15. Nf6 Qd6 16. Ne4 Qd5 17. Nf6 Qd6 18. Ne4 Qd5 1/2-1/2


[Site "https://www.chess.com"]

[Event "Titled Tuesday Blitz July 11 Late 2023"]
[White "Palencia Morales, Wilson Guillermo"]
[Black "Garmendiarov"]
[WhiteFideId "4401859"]
[WhiteElo "2522"]
[BlackElo "2344"]
[Result "1-0"]
[Round "5"]
[TimeControl "180+2"]
[Date "2023.07.11"]
[WhiteClock "0:00:08"]
[BlackClock "0:00:00"]
[Board "129"]

1. e4 c5 2. Ne2 Nf6 3. Nbc3 d6 4. d4 cxd4 5. Nxd4 a6 6. Bg5 e6 7. f4 Be7 8. Qf3 Qc7 9. O-O-O Nbd7 10. f5 Ne5 11. Qg3 Bd7 12. fxe6 fxe6 13. Nf3 Nf7 14. Be3 Rg8 15. h3 O-O-O 16. Qf2 Qc6 17. Nd4 Qc7 18. Nb3 Qc6 19. Na5 Qc7 20. Bb6 Qb8 21. Bxd8 Bxd8 22. Be2 Bxa5 23. Bf3 Ne5 24. Qd4 Bc7 25. Rhf1 Bc6 26. g4 h6 27. Be2 Rd8 28. h4 1-0


[Site "https://www.chess.com"]

[Event "Titled Tuesday Blitz July 11 Late 2023"]
[White "Bilan, Danila"]
[Black "kripri"]
[WhiteFideId "24161918"]
[WhiteElo "2513"]
[BlackElo "2337"]
[Result "1-0"]
[Round "5"]
[TimeControl "180+2"]
[Date "2023.07.11"]
[WhiteClock "0:00:10"]
[BlackClock "0:00:19"]
[Board "130"]

1. d4 d5 2. Nf3 Nf6 3. c4 c6 4. Nc3 a6 5. cxd5 cxd5 6. Bf4 Nc6 7. e3 Bg4 8. Be2 e6 9. Qb3 Ra7 10. O-O Bd6 11. Bg3 O-O 12. Rac1 Bxg3 13. hxg3 Ne4 14. Rfe1 f5 15. Na4 Rf6 16. Ne5 Bxe2 17. Nxc6 bxc6 18. Rxe2 Qe8 19. Rec2 Rh6 20. Rxc6 Qh5 21. Qb8+ Kf7 22. Qxa7+ Kf6 23. Rxe6+ Kxe6 24. Rc6+ Nd6 25. Nc5+ Kf6 26. Rxd6+ Kg5 27. Qxg7+ Rg6 28. Rxg6+ hxg6 29. Qe7+ Kh6 30. Qh4 Qxh4 31. gxh4 Kh5 32. Nxa6 Kxh4 33. Nc7 g5 34. Nxd5 g4 35. g3+ Kh3 36. Nf4# 1-0


[Site "https://www.chess.com"]

[Event "Titled Tuesday Blitz July 11 Late 2023"]
[White "Shapiro, Daniel"]
[Black "Zhang, Derek"]
[WhiteFideId "2001780"]
[BlackFideId "2087871"]
[WhiteElo "2337"]
[BlackElo "2500"]
[Result "0-1"]
[Round "5"]
[TimeControl "180+2"]
[Date "2023.07.11"]
[WhiteClock "0:00:14"]
[BlackClock "0:01:27"]
[Board "131"]

1. d4 d6 2. e4 e5 3. Ne2 exd4 4. Nxd4 Nf6 5. Nc3 Be7 6. Be2 O-O 7. O-O Re8 8. f4 Bf8 9. Bf3 c6 10. Kh1 Qc7 11. g4 b5 12. e5 dxe5 13. Ndxb5 Qb6 14. fxe5 Rxe5 15. a4 Bb7 16. Na3 Ba6 17. Re1 Nbd7 18. Bf4 Rxe1+ 19. Qxe1 Re8 20. Qd2 Ne5 21. Bxe5 Rxe5 22. g5 Nd5 23. Nxd5 cxd5 24. Bxd5 Rxd5 0-1


[Site "https://www.chess.com"]

[Event "Titled Tuesday Blitz July 11 Late 2023"]
[White "Tsyhanchuk, Stanislav"]
[Black "Gasparyan, David"]
[WhiteFideId "13505130"]
[BlackFideId "13311980"]
[WhiteElo "2317"]
[BlackElo "2494"]
[Result "0-1"]
[Round "5"]
[TimeControl "180+2"]
[Date "2023.07.11"]
[WhiteClock "0:01:27"]
[BlackClock "0:01:40"]
[Board "132"]

1. e4 c5 2. Nf3 e6 3. d4 cxd4 4. Nxd4 Qc7 5. c4 a6 6. Nc3 Nf6 7. Be3 Bb4 8. f3 Bxc3+ 9. bxc3 O-O 10. Be2 d5 11. O-O dxc4 12. Qa4 b5 13. Qa3 Bb7 14. Rfd1 Nbd7 15. Nc2 Rfd8 16. Bf2 Nh5 17. Bf1 Ne5 18. Nd4 Rac8 19. g4 Rxd4 20. Bxd4 Nxf3+ 21. Kh1 Qxh2# 0-1


[Site "https://www.chess.com"]

[Event "Titled Tuesday Blitz July 11 Late 2023"]
[White "The_Straightforward_Rook"]
[Black "WindWhistler11"]
[WhiteElo "2313"]
[BlackElo "2483"]
[Result "1-0"]
[Round "5"]
[TimeControl "180+2"]
[Date "2023.07.11"]
[WhiteClock "0:01:03"]
[BlackClock "0:00:00"]
[Board "133"]

1. d4 f5 2. c4 Nf6 3. Nc3 d6 4. h4 e6 5. h5 Be7 6. Nh3 O-O 7. h6 g6 8. Bg5 Ne4 9. Nxe4 fxe4 10. Qd2 Nc6 11. Bxe7 Qxe7 12. O-O-O d5 13. e3 a5 14. Kb1 Bd7 15. Nf4 Qd6 16. Rc1 Ne7 17. g3 c6 18. c5 Qc7 19. Bh3 Rf6 20. g4 Raf8 21. g5 Rxf4 22. exf4 Qxf4 23. Qxa5 Nf5 24. Bxf5 exf5 25. Rh3 Qxg5 26. Qc7 Qe7 27. Rb3 Rc8 28. Qf4 Be8 29. Rcc3 Qc7 30. Qg5 Qd8 31. Qxd8 Rxd8 32. Rxb7 Bd7 33. a4 f4 34. a5 Bf5 35. Kc1 Ra8 36. Ra3 e3 37. fxe3 f3 38. Kd2 1-0


[Site "https://www.chess.com"]

[Event "Titled Tuesday Blitz July 11 Late 2023"]
[White "Da Matta, Eduardo Cesar"]
[Black "Reprintsev, Alexander"]
[WhiteFideId "2193108"]
[BlackFideId "14100541"]
[WhiteElo "2302"]
[BlackElo "2477"]
[Result "1-0"]
[Round "5"]
[TimeControl "180+2"]
[Date "2023.07.11"]
[WhiteClock "0:00:41"]
[BlackClock "0:00:00"]
[Board "134"]

1. d4 d5 2. c4 e5 3. dxe5 d4 4. Nf3 Nc6 5. Nbd2 a5 6. Nb3 Bg4 7. Nbxd4 Bc5 8. e3 Nxd4 9. exd4 Bxf3 10. Qxf3 Qxd4 11. a3 Qxe5+ 12. Be2 Nf6 13. Bf4 Qxb2 14. O-O O-O 15. Rfb1 Qd4 16. Rd1 Qe4 17. Qxe4 Nxe4 18. Rd7 Bxf2+ 19. Kf1 Bb6 20. Bxc7 Nc5 21. Re7 Bxc7 22. Rxc7 b6 23. Rb1 Rab8 24. Bf3 Rfd8 25. Bd5 Ne6 26. Rc6 h6 27. Rbxb6 Rxb6 28. Rxb6 Nf4 29. Rb5 a4 30. g3 Nd3 31. Rb7 Rf8 32. Ra7 Nb2 33. Ke2 Kh8 34. Rxf7 Re8+ 35. Kd2 Rb8 36. Kc2 1-0


[Site "https://www.chess.com"]